 Dungeon Crawl Stone Soup version 0.14-a0-3520-g290746a (webtiles) character file.

24144 Herrn the Thaumaturge (level 13, -19/67 HPs)
             Began as a Vine Stalker Necromancer on Mar 27, 2014.
             Was the Champion of Cheibriados.
             Shot with an arrow by a deep elf knight (26 damage)
             ... on Level 14 of the Dungeon.
             The game lasted 01:32:13 (12594 turns).

Herrn the Thaumaturge (Vine Stalker Necromancer)   Turns: 12594, Time: 01:32:14

HP -19/67        AC 23     Str 28      XL: 13   Next:  7%
MP   0/31        EV 19     Int 34      God: Cheibriados [******]
Gold 628         SH 18     Dex 35      Spells:  1 memorised, 28 levels left

rFire  . . .     SeeInvis .     I - +4 short sword (freeze)
rCold  . . .     Clarity  .     O - +6 pearl dragon armour of Trudd {rN+ Str+3 Int+3}
rNeg   + . .     Conserve .     T - +2 buckler
rPois  +         rCorr    .     (no helmet)
rElec  .         rRot     +     G - +0 cloak
SustAb . .       Spirit   +     s - +0 pair of gloves
rMut   .         Warding  .     L - +0 pair of boots
Saprov . . .     Stasis   .     (no amulet)
MR     +....                    q - ring of poison resistance
                                F - ring of flight

@: slowed, very slow, somewhat resistant to hostile enchantments, fairly
stealthy
A: fangs 3, regeneration 3, magic shield, antimagic bite, no device heal
a: Bend Time, Temporal Distortion, Slouch, Step From Time, Renounce Religion,
Evoke Flight


You were on level 14 of the Dungeon.
You worshipped Cheibriados.
Cheibriados was exalted by your worship.
You were not hungry.

You visited 2 branches of the dungeon, and saw 16 of its levels.
You also visited: Sewer.

You collected 968 gold pieces.
You spent 340 gold pieces at shops.

Inventory:

Hand weapons
 e - a +1,+1 dagger of electrocution
 I - a +4,+4 short sword of freezing (weapon)
 W - a +2,+2 short sword of venom
Armour
 s - a +0 pair of gloves (worn)
 G - a +0 cloak (worn)
 L - a +0 pair of boots (worn)
 O - the +6 pearl dragon armour of Trudd (worn) {rN+ Str+3 Int+3}
   (You found it on level 8 of the Dungeon)

   It affects your strength (+3).
   It affects your intelligence (+3).
   It protects you from negative energy.
 T - a +2 buckler (worn)
Magical devices
 l - a wand of fire (5)
 t - a wand of flame (9)
 A - a wand of disintegration (16)
 D - a wand of fireball (1)
 Y - a wand of lightning (6)
 Z - a wand of enslavement (4)
Comestibles
 c - 13 bread rations
 f - 8 strawberries
 g - a choko
 i - 10 meat rations
 w - an apricot
 x - 4 pears
 M - 4 chunks of centaur flesh
 N - 15 cheeses
 S - a sausage
 X - a lemon
Scrolls
 h - 4 scrolls of teleportation
 j - 2 scrolls of recharging
 m - a scroll of blinking
 n - 2 scrolls of identify
 p - a scroll of fog
 r - 4 scrolls of magic mapping
 v - a scroll of enchant armour
 y - a scroll of vulnerability
 z - a scroll of enchant weapon I
 B - a scroll of immolation
 E - 5 scrolls of amnesia
 H - a scroll of random uselessness
 J - 2 scrolls of remove curse
Jewellery
 q - a ring of poison resistance (right hand)
 F - a ring of flight (left hand)
Potions
 a - 3 potions of might
 d - 5 potions of curing
 k - 2 potions of cure mutation
 o - a potion of haste
 u - 2 potions of restore abilities
 K - 3 potions of flight
 V - a potion of resistance
Books
 b - a book of Necromancy

   Spells                             Type                      Level
   *Pain                              Necromancy                   1
   Animate Skeleton                   Necromancy                   1
   Lethal Infusion                    Charms/Necromancy            2
   Vampiric Draining                  Necromancy                   3
   Regeneration                       Charms/Necromancy            3
   Animate Dead                       Necromancy                   4
   Control Undead                     Necromancy                   4
 Q - a book of Annihilations {highlevel}

   This book is beyond your current level of understanding.

   Spells                             Type                      Level
   Poison Arrow                       Conjuration/Poison           6
   Chain Lightning                    Conjuration/Air              8
   Lehudib's Crystal Spear            Conjuration/Earth            8
   Glaciate                           Conjuration/Ice              9
   Fire Storm                         Conjuration/Fire             9
 R - a book of Debilitation

   Spells                             Type                      Level
   Corona                             Hexes                        1
   Slow                               Hexes                        2
   Inner Flame                        Hexes/Fire                   3
   Enslavement                        Hexes                        4
   Cause Fear                         Hexes                        4
   Leda's Liquefaction                Hexes/Earth                  4
Miscellaneous
 P - a fan of gales
Rods
 C - a cursed -2 rod of shadows (14/14)
   (You took it off a gnoll on level 5 of the Dungeon)


   Skills:
 * Level 7.0 Fighting
 - Level 8.4 Short Blades
 + Level 7.1 Armour
 + Level 8.2 Dodging
 - Level 2.4 Stealth
 + Level 4.5 Shields
 * Level 8.6 Spellcasting
 * Level 7.6 Necromancy
 * Level 5.3 Invocations


You had 28 spell levels left.
You knew the following spells:

 Your Spells              Type           Power        Failure   Level  Hunger
a - Pain                  Necr           ####         1%          1    None


Dungeon Overview and Level Annotations

Branches:
Dungeon (15/15)            Temple (1/1) D:7             Orc (0/4) D:12
   Lair (0/8) D:9          Vaults (0/5) D:14
 Depths: D:15

Altars:
Ashenzari
Cheibriados
Dithmenos
Elyvilon
Fedhas
Kikubaaqudgha
Makhleb
Nemelex Xobeh
Okawaru
Sif Muna
Trog
Vehumet
Xom
Yredelemnul
Zin
The Shining One

Shops:
D:7 (


Innate Abilities, Weirdness & Mutations

You have razor-sharp teeth.
You regenerate.
When hurt, damage is shared between your health and your magic reserves.
Your bite disrupts and absorbs the magic of your enemies.
Potions and wands cannot restore your HP.


Message History

Use which ability? (? or * to list)
You fail to use your ability.
The deep elf knight casts a spell at you.
The magic dart hits you!
* * * LOW HITPOINT WARNING * * *
The deep elf mage misses you.
The deep elf knight casts a spell at you.
The magic dart hits you!
* * * LOW HITPOINT WARNING * * *
The skeletal warrior hits you with a halberd.
* * * LOW HITPOINT WARNING * * *
The deep elf mage points at you and mumbles some strange words.
The magic dart hits you!
Use which ability? (? or * to list)
You haven't enough magic at the moment.
The deep elf knight points at you and mumbles some strange words.
The magic dart hits you!
* * * LOW HITPOINT WARNING * * *
The deep elf knight shoots an arrow.
The arrow hits you!
You die...

≈ .## .e. #.. ### #..
.. # .##..##. .#
#.#e.#.# #.#
..##.#..#@##..#+####
#....*.e(zZ# #....#
#####.#..#.#####....#
...................#
..................#
#####.#..#.#####....+
#.#.).(.).e..#.#....#
#..##(#..#.##..##.....#
#.#.#)#..#(#)#.# .....#


You could see a skeletal warrior, a deep elf knight, a deep elf mage and a
cyclops skeleton.

Vanquished Creatures
  A centaur warrior (D:14)
  A fire crab (shapeshifter) (D:13)
  Erolcha (D:9)
  3 unseen horrors
  3 hill giants
  An orc knight (D:13)
  A griffon (D:13)
  2 cyclopes
  A manticore (D:13)
  A troll (D:12)
  3 kobold demonologists
  2 two-headed ogres
  2 shadows
  3 wyverns
  2 trapdoor spiders
  2 hill giant zombies
  A wraith (D:12)
  4 yaks
  15 ugly things
  A deep elf mage (D:12)
  3 hungry ghosts
  A hill giant skeleton (D:14)
  3 hippogriffs
  A mottled dragon (D:12)
  A deep elf fighter (D:9)
  A vampire mosquito (D:13)
  6 water moccasins
  5 orc warriors
  4 phantoms
  A human skeleton (D:14)
  2 ice beasts (D:9)
  2 black bears
  5 ogres
  2 crocodiles
  12 centaurs
  9 big kobolds
  3 gnoll sergeants
  A brain worm (D:13)
  14 giant frogs
  A cyclops zombie (D:12)
  A wyvern zombie (D:8)
  2 cyclops skeletons
  A troll zombie (D:11)
  5 killer bees (D:13)
  7 scorpions
  23 wights
  A tengu skeleton (D:11)
  2 giant frog zombies
  9 crimson imps
  7 goliath beetles
  A centaur skeleton (D:11)
  5 orc priests
  7 hounds
  3 jellies
  A big fish (Sewer)
  A basilisk skeleton (D:12)
  An elf skeleton (D:12)
  6 iguanas
  13 orc wizards
  7 worker ants
  Natasha (thrice) (D:6)
  A killer bee zombie (D:10)
  An orange rat (D:7)
  A hound skeleton (D:6)
  2 mummies (D:13)
  17 gnolls
  21 adders
  12 green rats
  3 giant mites
  A shadow imp (D:12)
  2 inept feature mimics (D:4)
  4 worms
  2 orc zombies
  An adder zombie (D:9)
  2 iguana skeletons
  2 giant eyeballs
  5 giant geckos
  An ooze (D:4)
  55 orcs
  3 ball pythons
  23 bats
  A bat skeleton (D:4)
  5 giant cockroaches
  14 goblins
  20 hobgoblins
  10 jackals
  44 kobolds
  4 quokkas
  2 giant newts
  2 giant spores
  A gnoll skeleton (D:7)
  A goblin skeleton (D:5)
  A hobgoblin skeleton (D:6)
  2 orc skeletons
  40 rats
  5 ballistomycetes
544 creatures vanquished.

Vanquished Creatures (others)
  The ghost of runewalsh the Frost Mage, a powerful OpIE of Vehumet (D:10)
  A crimson imp (D:11)
2 creatures vanquished.

Grand Total: 546 creatures vanquished

Notes
Turn   | Place    | Note
--------------------------------------------------------------
     0 | D:1      | Herrn, the Vine Stalker Necromancer, began the quest for the Orb.
     0 | D:1      | Reached XP level 1. HP: 9/9 MP: 3/3
   128 | D:1      | Reached XP level 2. HP: 12/14 MP: 1/5
   687 | D:1      | Reached XP level 3. HP: 14/17 MP: 3/7
   932 | D:2      | Reached skill level 1 in Fighting
  1046 | D:2      | Found a glowing golden altar of the Shining One.
  1320 | D:2      | Reached XP level 4. HP: 18/22 MP: 5/10
  1330 | D:2      | Found a shimmering altar of Xom.
  1548 | D:2      | Found a shimmering altar of Xom.
  1549 | D:2      | Found a shimmering altar of Xom.
  1551 | D:2      | Found a shimmering altar of Xom.
  1731 | D:2      | You fall through a shaft!
  1774 | D:3      | Found a glowing silver altar of Zin.
  2539 | D:4      | Reached XP level 5. HP: 25/25 MP: 13/13
  2633 | D:4      | Reached skill level 1 in Short Blades
  2793 | D:4      | Got a warped leather armour
  2806 | D:4      | Identified the cursed -4 leather armour of Space {Str-4 Dex+3 Curse} (You found it on level 4 of the Dungeon)
  2840 | D:4      | Reached skill level 1 in Armour
  2906 | D:4      | Gained mutation: You heal very quickly. [vine stalker growth]
  2906 | D:4      | Reached XP level 6. HP: 25/30 MP: 15/17
  2951 | D:4      | Noticed an ogre
  2953 | D:4      | Killed an ogre
  3179 | D:4      | Reached XP level 7. HP: 19/35 MP: 14/18
  3241 | D:4      | Noticed a phantom
  3344 | D:4      | Killed a phantom
  3379 | D:4      | Found a burning altar of Makhleb.
  3727 | D:5      | Entered Level 5 of the Dungeon
  3917 | D:5      | Gained mutation: You have razor-sharp teeth. [vine stalker growth]
  3917 | D:5      | Reached XP level 8. HP: 35/39 MP: 15/20
  3976 | D:5      | Found a basalt altar of Yredelemnul.
  3982 | D:5      | Found a blossoming altar of Fedhas.
  3992 | D:5      | Found an iron altar of Okawaru.
  4597 | D:6      | Reached skill level 5 in Dodging
  4615 | D:6      | Found a glowing drain.
  4628 | Sewer    | Entered a sewer
  4752 | Sewer    | Found a white marble altar of Elyvilon.
  4915 | D:6      | Reached XP level 9. HP: 16/44 MP: 10/22
  4985 | D:6      | Noticed Natasha
  4992 | D:6      | Killed Natasha
  5004 | D:6      | Noticed Natasha
  5018 | D:6      | Killed Natasha
  5231 | D:6      | Reached skill level 5 in Spellcasting
  5525 | D:6      | Noticed Natasha
  5532 | D:6      | Killed Natasha
  5804 | D:7      | Reached skill level 6 in Dodging
  6108 | D:7      | Found a staircase to the Ecumenical Temple.
  6135 | Temple   | Entered the Ecumenical Temple
  6208 | Temple   | Became a worshipper of Cheibriados the Contemplative
  6530 | D:7      | Found Schaung's Antique Weapon Emporium.
  6535 | D:7      | Bought a runed demon blade for 300 gold pieces
  6535 | D:7      | Bought a runed dagger for 40 gold pieces
  6733 | D:8      | Found a shattered altar of Ashenzari.
  6846 | D:8      | Reached skill level 5 in Short Blades
  6846 | D:8      | Reached skill level 5 in Armour
  7012 | D:8      | Reached XP level 10. HP: 44/49 MP: 19/24
  7055 | D:8      | Reached skill level 5 in Necromancy
  7407 | D:8      | Gained mutation: Your spells are a little harder to cast, but a little more powerful. [potion of mutation]
  7407 | D:8      | Gained mutation: You are resistant to electric shocks. [potion of mutation]
  7408 | D:8      | Gained mutation: You are partially covered in iridescent scales (AC +4). [potion of mutation]
  7408 | D:8      | Gained mutation: Your system is resistant to poisons. [potion of mutation]
  7552 | D:8      | Got a distressingly furry pearl dragon armour
  7572 | D:8      | Identified the +6 pearl dragon armour of Trudd {rN+ Str+3 Int+3} (You found it on level 8 of the Dungeon)
  7797 | D:8      | Lost mutation: You are resistant to electric shocks. [mutagenic meat]
  7798 | D:8      | Gained mutation: You have a pair of small antennae on your head. [mutagenic meat]
  7800 | D:8      | Gained mutation: You are weak. (Str -2) [mutagenic meat]
  7801 | D:8      | Gained mutation: Your vision is a little blurry. [mutagenic meat]
  7802 | D:8      | Lost mutation: You are weak. (Str -2) [potion of cure mutation]
  7802 | D:8      | Lost mutation: You have a pair of small antennae on your head. [potion of cure mutation]
  7802 | D:8      | Lost mutation: Your spells are a little harder to cast, but a little more powerful. [potion of cure mutation]
  7802 | D:8      | Lost mutation: You are partially covered in iridescent scales (AC +4). [potion of cure mutation]
  7802 | D:8      | Lost mutation: Your vision is a little blurry. [potion of cure mutation]
  7802 | D:8      | Lost mutation: Your system is resistant to poisons. [potion of cure mutation]
  8088 | D:8      | Acquired Cheibriados' first power
  8101 | D:9      | Paralysed by a giant eyeball for 4 turns
  8181 | D:9      | Killed an unseen horror
  8338 | D:9      | Acquired Cheibriados' second power
  8406 | D:9      | Found a staircase to the Lair.
  8452 | D:9      | Reached skill level 5 in Fighting
  8459 | D:9      | Acquired Cheibriados' third power
  8554 | D:9      | Found a bloodstained altar of Trog.
  8577 | D:9      | Noticed Erolcha
  8597 | D:9      | Killed Erolcha
  8597 | D:9      | Reached skill level 7 in Dodging
  8597 | D:9      | Reached skill level 1 in Shields
  8597 | D:9      | Reached skill level 1 in Invocations
  8597 | D:9      | Reached XP level 11. HP: 39/55 MP: 23/27
  8831 | D:10     | Entered Level 10 of the Dungeon
  8864 | D:10     | Noticed runewalsh's ghost (powerful OpIE)
  8874 | D:10     | Killed runewalsh's ghost
  9680 | D:11     | Noticed a hill giant
  9690 | D:11     | Killed a hill giant
 10391 | D:12     | Noticed a hill giant
 10399 | D:12     | Killed a hill giant
 10399 | D:12     | Reached skill level 8 in Short Blades
 10545 | D:12     | Gained mutation: You regenerate. [vine stalker growth]
 10545 | D:12     | Reached XP level 12. HP: 48/60 MP: 24/29
 10684 | D:12     | Found a staircase to the Orcish Mines.
 10929 | D:12     | Killed an unseen horror
 11171 | D:12     | Noticed a hill giant
 11178 | D:12     | Killed a hill giant
 11347 | D:13     | Paralysed by a giant eyeball for 2 turns
 11355 | D:13     | Paralysed by a giant eyeball for 2 turns
 11808 | D:13     | Gained mutation: You have sharp toenails. [mutagenic meat]
 11809 | D:13     | Gained mutation: Your body is slowly deteriorating. [mutagenic meat]
 11810 | D:13     | Gained mutation: Your vision is a little blurry. [mutagenic meat]
 11811 | D:13     | Lost mutation: Your body is slowly deteriorating. [potion of cure mutation]
 11811 | D:13     | Lost mutation: Your vision is a little blurry. [potion of cure mutation]
 11811 | D:13     | Lost mutation: You have sharp toenails. [potion of cure mutation]
 11840 | D:13     | You fall through a shaft for 2 floors!
 11840 | D:15     | Entered Level 15 of the Dungeon
 11840 | D:15     | Found a deep blue altar of Sif Muna.
 12041 | D:13     | Reached skill level 5 in Invocations
 12492 | D:14     | Reached XP level 13. HP: 61/67 MP: 27/30
 12505 | D:14     | Found a gate to the Vaults.
 12594 | D:14     | Shot with an arrow by a deep elf knight

Action                   |  1- 3 |  4- 6 |  7- 9 | 10-12 | 13-15 || total
-------------------------+-------+-------+-------+-------+-------++-------
Melee: Unarmed           |    71 |       |       |       |       ||    71
       Dagger            |     2 |   172 |   745 |       |       ||   919
       Short sword       |       |       |    47 |   893 |    39 ||   979
 Cast: Pain              |    51 |     6 |       |    10 |       ||    67
Invok: Temporal Distorti |       |       |       |     4 |       ||     4
 Abil: Evoke Flight      |       |       |     1 |       |       ||     1
Evoke: Wand              |       |     3 |    12 |    16 |       ||    31
  Use: Scroll            |     1 |     2 |     6 |    17 |       ||    26
       Potion            |     1 |       |       |    11 |       ||    12
 Stab: Sleeping          |     1 |     1 |       |     4 |       ||     6
       Distracted        |       |       |       |     1 |       ||     1
